 Dungeon Crawl Stone Soup version 0.27-a0-684-g359e429f13 (webtiles) character file.

Game seed: 16948121102989350738

179 ReteAZ the Firebug (level 5, -1/38 HPs)
             Began as a Demigod Fire Elementalist on Mar 20, 2021.
             Slain by Pikel
             ... wielding a +0 whip of freezing
              (4 damage)
             ... on level 4 of the Dungeon.
             The game lasted 00:04:03 (4622 turns).

ReteAZ the Firebug (Demigod Fire Elementalist)      Turns: 4622, Time: 00:04:03

Health: -1/38      AC:  3    Str:  9    XL:     5   Next: 10%
Magic:  1/12       EV: 12    Int: 27    God:
Gold:   89         SH:  0    Dex: 14    Spells: 8/9 levels left

rFire    . . .     SeeInvis .   g - +2 long sword (vorpal)
rCold    . . .     Faith    .   (no shield)
rNeg     . . .     Spirit   .   a - +0 robe
rPois    .         Reflect  .   l - +0 helmet
rElec    .         Harm     .   (no cloak)
rCorr    +         Rampage  .   (no gloves)
Will     .....                  (no boots)
Stlth    ++........             (no amulet)
HPRegen  0.12/turn              c - +6 ring of intelligence
MPRegen  0.13/turn              h - ring of resist corrosion

@: no status effects
A: high mp 1, forlorn
a: no special abilities


You were on level 4 of the Dungeon.
You visited 1 branch of the dungeon, and saw 4 of its levels.

You collected 89 gold pieces.

Inventory:

Hand Weapons
 f - a +0 whip
 g - a +2 vorpal long sword (weapon)
 m - a +0 falchion of holy wrath
Armour
 a - a +0 robe (worn)
 l - a +0 helmet (worn)
Jewellery
 c - a +6 ring of intelligence (right hand)
 h - a ring of resist corrosion (left hand)
 i - a ring of wizardry
Scrolls
 b - 2 scrolls of identify {unknown}
 d - a scroll of summoning {unknown}
 j - a scroll of teleportation {unknown}
 n - a scroll of random uselessness {unknown}
 p - a scroll of torment {unknown}
Potions
 k - a potion of heal wounds {unknown}
 o - a potion of might {unknown}
 q - 2 potions of magic
 r - a potion of brilliance {unknown}


   Skills:
 - Level 1.7 Dodging
 - Level 1.7 Stealth
 + Level 2.7 Spellcasting
 + Level 2.3 Conjurations
 * Level 4.4 Fire Magic


You had 8 spell levels left.
You knew the following spells:

 Your Spells              Type           Power      Damage    Failure   Level
a - Foxfire               Conj/Fire      84%        2x1d8     2%          1

Your spell library contained the following spells:

 Spells                   Type           Power      Damage    Failure   Level
 Conjure Flame            Conj/Fire      21%        6-21      7%          3
 Animate Skeleton         Necr           6%         N/A       9%          1
 Apportation              Tloc           6%         N/A       9%          1
 Corona                   Hex            3%         N/A       9%          1
 Summon Small Mammal      Summ           12%        N/A       9%          1
 Inner Flame              Hex/Fire       15%        N/A       11%         3
 Sticky Flame             Conj/Fire      21%        2d4       22%         4
 Fireball                 Conj/Fire      10%        3d6       54%         5


Dungeon Overview and Level Annotations

Branches:
Dungeon (4/15)
 Temple: D:4-7

Shops:
D:4 (

Annotations:
D:4 Pikel


Innate Abilities, Weirdness & Mutations

Your attributes grow dramatically as you level up.
You have an increased reservoir of magic. (+10% MP)
You shall have no god before yourself.


Message History

Why would you want to do that?
Pikel says, "Antaeus said I was his favorite kobold.
Me!"
Aiming: Throw Flame
Press: ? - help, Shift-Dir - straight line, f - Pikel
Aim: Pikel, wielding a +0 whip of freezing and wearing a +0 robe (lightly wounded, 40% to evade)
The puff of flame misses Pikel.
You don't have any such object.
Evoke which item? (* to show all) (? for menu, Esc to quit)
Okay, then.
Unknown command.
Aiming: Throw Flame
Press: ? - help, Shift-Dir - straight line, f - lemure, p - Pikel
Aim: a lemure (severely wounded, 40% to evade)
The puff of flame misses Pikel.
The puff of flame hits the lemure!
The lemure is almost dead.
The now-empty wand crumbles to dust.
Pikel hits you with a +0 whip of freezing.
Pikel freezes you.
You conjure some foxfire!
Pikel hits you with a +0 whip of freezing.
Pikel freezes you.
The foxfire hits Pikel but does no damage.
Pikel is lightly wounded.
Pikel hits you with a +0 whip of freezing.
Pikel freezes you.
You conjure some foxfire!
Pikel closely misses you.
You riposte.
You hit Pikel.
Pikel is moderately wounded.
The foxfire hits Pikel.
Pikel is moderately wounded.
Pikel barely misses you.
You riposte.
You hit Pikel.
Pikel is moderately wounded.
You conjure some foxfire!
Pikel hits you with a +0 whip of freezing!
* * * LOW HITPOINT WARNING * * *
Pikel freezes you.
* * * LOW HITPOINT WARNING * * *
The foxfire hits Pikel but does no damage.
Pikel is moderately wounded.
Pikel hits you with a +0 whip of freezing.
You die...

##### #v@.# ####
###K######### ##...
#5##......###....
#55#..5...##....[
##.........#.....
##≈.≈###5.......
#≈≈.≈≈####......
....≈≈∩≈≈.# ##.....
....≈≈≈≈≈..###.....


You could see Pikel (ally target) and 3 lemures.

Vanquished Creatures
  A lemure (D:4)
  Ijyb (D:2)
  An orc wizard (D:3)
  6 adders
  2 oozes (D:1)
  A worm (D:2)
  4 leopard geckos
  2 orcs
  4 bats
  4 giant cockroaches
  5 goblins
  7 hobgoblins
  A quokka (D:3)
  A ball python (D:3)
  8 frilled lizards
  9 kobolds
  A quokka skeleton (D:4)
  5 rats
63 creatures vanquished.

Vanquished Creatures (others)
  308 foxfires
308 creatures vanquished.

Grand Total: 371 creatures vanquished

Notes
Turn   | Place    | Note
-------+----------+-------------------------------------------
     0 | D:1      | ReteAZ the Demigod Fire Elementalist began the quest for
                  | the Orb.
     0 | D:1      | Reached XP level 1. HP: 14/14 MP: 5/5
   227 | D:1      | Reached skill level 1 in Conjurations
   344 | D:1      | Reached skill level 3 in Fire Magic
   344 | D:1      | Reached XP level 2. HP: 20/20 MP: 0/7
  1743 | D:2      | Reached XP level 3. HP: 26/26 MP: 2/8
  2688 | D:3      | Noticed Ijyb
  2708 | D:2      | Killed Ijyb
  2709 | D:2      | Reached XP level 4. HP: 16/33 MP: 10/10
  3251 | D:3      | Reached skill level 4 in Fire Magic
  4027 | D:3      | Reached XP level 5. HP: 38/38 MP: 7/11
  4501 | D:4      | Noticed Pikel
  4607 | D:4      | Found Zeufyrr's Weapon Emporium.
  4622 | D:4      | Slain by Pikel

Illustrated notes

Levels and vault maps discovered:
D:1:      zelgadis_glass_arrival_small, layout_basic
D:2:      layout_rooms, chequers_ecumenical_altar_twisty,
          nicolae_underground_beach
D:3:      layout_loops_corners, uniq_ijyb
D:4:      layout_rooms, vehumet_altar_wand_db, nicolae_hepliaklqana_hippocampus,
          general_overflow_altar, serial_shops, nicolae_shop_waterfront,
          uniq_pikel

Skill      XL: |  1  2  3  4 |
---------------+-------------+-----
Conjurations   | 1 2 |  2.3
Spellcasting   | 2 |  2.7
Fire Magic     | 3 4 |  4.4
Dodging        | |  1.7
Stealth        | |  1.7

Action                   |  1- 3 |  4- 6 || total
-------------------------+-------+-------++-------
Melee: Unarmed           |     3 |       ||     3
       Whip              |     1 |       ||     1
       Long sword        |    13 |    16 ||    29
 Cast: Foxfire           |   116 |    77 ||   193
Evoke: Wand              |       |     2 ||     2
  Use: Potion            |     3 |       ||     3
Armor: Robe              |     4 |     3 ||     7
Dodge: Dodged            |    20 |    20 ||    40
       Rpst.: Long sword |     4 |    10 ||    14

Table legend: (Time is in decaauts)
 A = Elapsed time spent in this place.
 B = Non-inter-level travel time spent in this place.
 C = Inter-level travel time spent in this place.
 D = Time resting spent in this place.
 E = Time spent auto-exploring this place.
 F = Levels seen in this place.
 G = Mean time per level.
                   A        B        C        D        E       F      G
               +--------+--------+--------+--------+--------+-----+--------+
         Total |   4634 |   4422 |    212 |    186 |   3780 |   4 | 1158.5 |
       Dungeon |   4634 |   4422 |    212 |    186 |   3780 |   4 | 1158.5 |
               +--------+--------+--------+--------+--------+-----+--------+

Top non-repeatable levels by time:
     D:2: 1529 daAuts
     D:3: 1415 daAuts
     D:1: 1395 daAuts
     D:4: 294 daAuts
